 Dungeon Sprint DCSS version 0.31-a0-920-g28cbb04a8c (webtiles) character file.

Game seed: 6773679260291922887

108 sircluck the Ruffian (level 4, -4/50 HPs)
             Began as a Troll Berserker on Oct 17, 2023.
             Was a Priest of Trog.
             Slain by a fire bat (5 damage)
             ... in the Dungeon (Sprint VII: "The Pits").
             The game lasted 00:00:19 (181 turns).

sircluck the Ruffian (Troll Berserker)               Turns: 181, Time: 00:00:19

Health: -4/50      AC:  4    Str: 27    XL:     4   Next: 58%
Magic:  3/3        EV: 10    Int:  3    God:    Trog [***...]
Gold:   0          SH:  0    Dex:  9    Spells: 3/3 levels left

rFire   . .          .
                       - Unarmed
rCold   . . .        (no shield)
rNeg    . . .        a - +0 animal skin
rPois   .            (helmet restricted)
rElec   .            (no cloak)
rCorr   .            (gloves unavailable)
SInv    .            (boots unavailable)
Will    .....        (no amulet)
Stlth   +            (no ring)
HPRegen 1.08/turn    (no ring)
MPRegen 0.08/turn

%: no teleportation
@: no status effects
A: large, unfitting armour, claws 3, regeneration 1, shaggy fur 1, tough skin 1
a: Renounce Religion, Berserk, Trog's Hand


You were in the Dungeon.
You worshipped Trog.
Trog was most pleased with you.
You visited 1 branch

Inventory:

Armour
 a - a +0 animal skin (worn)
Scrolls
 g - a scroll of blinking
 i - 2 scrolls of vulnerability
 j - a scroll of summoning
Potions
 b - 6 potions of curing
 c - 6 potions of heal wounds
 d - a potion of haste
 e - 4 potions of magic
 f - 3 potions of berserk rage
 h - 2 potions of invisibility


   Skills:
 + Level 5.0 Fighting
 + Level 5.0 Dodging
 + Level 6.0 Unarmed Combat


You had 3 spell levels left.
You didn't know any spells.
Your spell library was empty.

Dungeon Overview and Level Annotations

Branches:
Dungeon (1/1)

Altars:
Ashenzari
Cheibriados
Dithmenos
Elyvilon
Fedhas
Gozag
Hepliaklqana
Kikubaaqudgha
Makhleb
Nemelex Xobeh
Okawaru
Qazlal
Ru
Sif Muna
Trog
Uskayaw
Vehumet
Wu Jian
Xom
Yredelemnul
Zin
The Shining One
Jiyva
Lugonu


Innate Abilities, Weirdness & Mutations

You are too large for most types of armour.
You have claws for hands.
Your natural rate of healing is unusually fast.
You are covered in fur. (AC +1)
You have tough skin. (AC +1)


Message History

There is an open door here.
You open the door.
A river rat comes into view.
A river rat is nearby!
A river rat is nearby!
A river rat is nearby!
A river rat is nearby!
A river rat is nearby!
A river rat is nearby!
A river rat is nearby!
A river rat is nearby!
An adder skeleton, a goblin, a black bear and a fire bat come into view.
The black bear growls angrily.
The river rat bites you!
There is an open door here.
The goblin shouts!
The fire bat bites you.
You are engulfed in flames!
The river rat closely misses you.
A fire bat comes into view.
The river rat bites you.
There is an open door here.
The fire bat barely misses you. The fire bat closely misses you.
The fire bat attacks as it pursues you! The fire bat closely misses you.
The fire bat bites you.
You are engulfed in flames!
The fire bat barely misses you. The fire bat bites you.
You are engulfed in flames!
* * * LOW HITPOINT WARNING * * *
The fire bat attacks as it pursues you!
The fire bat bites you but does no damage.
The fire bat completely misses you. The fire bat bites you.
* * * LOW HITPOINT WARNING * * *
You are engulfed in flames!
* * * LOW HITPOINT WARNING * * *
The river rat twitches its whiskers.
You claw the fire bat!
The fire bat is severely wounded.
The fire bat closely misses you. The fire bat bites you.
* * * LOW HITPOINT WARNING * * *
You are engulfed in flames.
You die...

##########'##.....
#.?(.')))'.##.....
##########.##.....
#...........'.....
#'#####†#####.....
#.#..#..#[[##.....
#.#..'..#))#####'#
#.#.†####))##.....
#@#..#..#))##.....
#b#..#..#..##.....
#.##'#).#'###...<.
#r#...)....##.....
#g#........##.....
#h###########.....
#Z..Z...# ######
#.......#
#...#g..#


You could see a black bear, a fire bat, a river rat, a goblin and an adder
skeleton.

Vanquished Creatures
  A scorpion (D)
  Terence (D)
  A gnoll (D)
  An adder zombie (D)
  An adder skeleton (D)
  An endoplasm (D)
  A quokka (D)
  2 bats (D)
  A rat (D)
10 creatures vanquished.

Notes
Turn   | Place    | Note
-------+----------+-------------------------------------------
     0 | D        | sircluck the Troll Berserker began the quest for the Orb.
     0 | D        | Reached XP level 1. HP: 22/22 MP: 0/0
    29 | D        | Found a bloodstained altar of Trog.
    29 | D        | Found a shimmering blue altar of Sif Muna.
    29 | D        | Found a viscous altar of Jiyva.
    29 | D        | Found a hazy altar of Hepliaklqana.
    29 | D        | Found an opulent altar of Gozag.
    30 | D        | Found a glowing golden altar of the Shining One.
    30 | D        | Found a glowing silver altar of Zin.
    30 | D        | Found a basalt altar of Yredelemnul.
    30 | D        | Found a shimmering altar of Xom.
    30 | D        | Found an ornate altar of the Wu Jian Council.
    30 | D        | Found a sacrificial altar of Ru.
    30 | D        | Found a stormy altar of Qazlal.
    30 | D        | Found an iron altar of Okawaru.
    30 | D        | Found a sparkling altar of Nemelex Xobeh.
    30 | D        | Found a burning altar of Makhleb.
    30 | D        | Found a blossoming altar of Fedhas.
    30 | D        | Found a white marble altar of Elyvilon.
    30 | D        | Found a shadowy altar of Dithmenos.
    30 | D        | Found a snail-covered altar of Cheibriados.
    34 | D        | Found a corrupted altar of Lugonu.
    34 | D        | Found a radiant altar of Vehumet.
    35 | D        | Found a broken altar of Ashenzari.
    35 | D        | Found an ancient bone altar of Kikubaaqudgha.
    35 | D        | Found a hide-covered altar of Uskayaw.
    72 | D        | Noticed a scorpion
    79 | D        | Killed a scorpion
    79 | D        | Reached ** piety under Trog
    80 | D        | Reached skill level 5 in Unarmed Combat
    80 | D        | Reached XP level 2. HP: 33/33 MP: 1/1
    80 | D        | Reached XP level 3. HP: 40/40 MP: 2/2
    87 | D        | Reached XP level 4. HP: 46/49 MP: 3/3
    98 | D        | Noticed Terence
   107 | D        | Killed Terence
   107 | D        | Reached *** piety under Trog
   110 | D        | Reached skill level 5 in Fighting
   110 | D        | Reached skill level 5 in Dodging
   110 | D        | Reached skill level 6 in Unarmed Combat
   173 | D        | Noticed a black bear
   173 | D        | Noticed a fire bat
   175 | D        | Noticed a fire bat
   181 | D        | HP: 1/50 [fire bat (3)]
   181 | D        | Slain by a fire bat

Illustrated notes

Levels and vault maps discovered:
D:        pitsprint [storerooms_1, entrance_room_1, metal_vault_3, armoury_3,
          mini_pit_1, grid_room_1, main_hall_1, silver_pit, the_coven_1,
          the_vestibule_1, steel_vault_1, golden_pit, hallway_of_sentries,
          crystal_vault_2, iron_vault_5, final_vault]

Skill      XL: |  1  2  3  4 |
---------------+-------------+-----
Fighting       | 4 5 |  5.0
Dodging        | 4 5 |  5.0
Unarmed Combat | 5 6 |  6.0

Action                     |  1- 3 |  4- 6 || total
---------------------------+-------+-------++-------
  Melee: Unarmed           |    14 |    20 ||    34
 Armour: Animal skin       |     8 |    30 ||    38
  Dodge: Dodged            |     5 |    29 ||    34

Table legend: (Time is in decaauts)
 A = Elapsed time spent in this place.
 B = Non-inter-level travel time spent in this place.
 C = Inter-level travel time spent in this place.
 D = Time resting spent in this place.
 E = Time spent auto-exploring this place.
 F = Levels seen in this place.
 G = Mean time per level.
                   A        B        C        D        E       F      G
               +--------+--------+--------+--------+--------+-----+--------+
         Total |    178 |    178 |      0 |      0 |     79 |   1 |  178.0 |
       Dungeon |    178 |    178 |      0 |      0 |     79 |   1 |  178.0 |
               +--------+--------+--------+--------+--------+-----+--------+

Top non-repeatable levels by time:
       D: 178 daAuts
